 Dungeon Crawl Stone Soup version 0.20-a0-2-g2b0e13a (webtiles) character file.

452 varam the Twirler (level 6, -2/44 HPs)
             Began as a Demonspawn Gladiator on Oct 28, 2016.
             Slain by Duvessa
             ... wielding a +0 rapier
              (5 damage)
             ... on level 3 of the Dungeon.
             The game lasted 00:07:03 (3396 turns).

varam the Twirler (Demonspawn Gladiator)            Turns: 3396, Time: 00:07:03

Health: -2/44      AC:  7    Str: 17    XL:     6   Next: 75%
Magic:  6/6        EV: 12    Int:  9    God:
Gold:   88         SH:  0    Dex: 11    Spells: 1 memorised, 3 levels left

rFire  . . .     SeeInvis .     a - +0 quarterstaff
rCold  . . .     Gourm    .     b - +0 leather armour
rNeg   . . .     Faith    .     (shield currently unavailable)
rPois  .         Spirit   .     c - +0 helmet
rElec  .         Reflect  .     (no cloak)
rCorr  .         Harm     .     (no gloves)
MR     .....                    (no boots)
Stlth  +.........               (no amulet)
                                t - -5 ring of dexterity (curse)
                                r - +2 ring of strength

@: no status effects
A: talons 1, yellow scales 2, powered by pain 1
a: no special abilities


You were on level 3 of the Dungeon.
You were not hungry.

You visited 1 branch of the dungeon, and saw 4 of its levels.

You collected 88 gold pieces.

Inventory:

Hand Weapons
 a - a +0 quarterstaff (weapon)
Missiles
 d - 4 throwing nets (quivered)
Armour
 b - a +0 leather armour (worn)
 c - a +0 helmet (worn)
Jewellery
 o - an uncursed ring of stealth
 r - a +2 ring of strength (left hand)
 t - a cursed -5 ring of dexterity (right hand)
Scrolls
 e - a scroll of recharging {unknown}
 i - a scroll of teleportation
 l - 2 scrolls of random uselessness
 p - 2 scrolls of blinking
Potions
 g - a potion of flight {unknown}
 h - a potion of heal wounds {unknown}
 j - 2 potions of brilliance {unknown}
Books
 n - a book of Minor Magic

   Spells                             Type                      Level
   a - Magic Dart                     Conjuration                  1
   b - Blink                          Translocation                2
   c - Call Imp                       Summoning                    2
   d - Repel Missiles                 Charms/Air                   2
   e - Slow                           Hexes                        2
   f - Conjure Flame                  Conjuration/Fire             3
   g - Mephitic Cloud                 Conjuration/Poison/Air       3
Comestibles
 f - a bread ration
 k - 2 slices of pizza
 m - 3 chunks of flesh
 s - a meat ration


   Skills:
 - Level 2.0 Fighting
 + Level 7.0 Staves
 - Level 1.7 Throwing
 - Level 2.6 Dodging


You had 3 spell levels left.
You knew the following spells:

 Your Spells              Type           Power        Failure   Level  Hunger
a - Blink                 Tloc           N/A          77%         2    ###....


Dungeon Overview and Level Annotations

Branches:
Dungeon (4/15)
 Temple: D:4-7

Altars:
Hepliaklqana
Kikubaaqudgha

Annotations:
D:3 Duvessa
D:4 Iwannabefree's ghost, amateur DgWz; Pikel


Innate Abilities, Weirdness & Mutations

You have sharp toenails.
You are mostly covered in yellow scales. (AC +3)
You sometimes gain a little power by taking damage.


Message History

Duvessa is lightly wounded.
Duvessa hits you with a rapier!
You hit Duvessa but do no damage. You claw Duvessa, but do no damage.
Duvessa is lightly wounded.
Duvessa hits you with a rapier!
You hear a shout!
There is a stone staircase leading up here.
Duvessa hits you with a rapier. Duvessa completely misses you.
You climb upwards.
There is a stone staircase leading down here.
Duvessa hits you with a rapier!
* * * LOW HITPOINT WARNING * * *
Duvessa rages.
Duvessa hits you with a rapier!
* * * LOW HITPOINT WARNING * * *
Duvessa closely misses you. Duvessa barely misses you.
Some of the chunks of flesh in your inventory have rotted away.
Duvessa hits you with a rapier.
You die...

#{##..####.#### #.##.# #.#
#.##...# #.# #.##.# #.# #.###..#
#.# #.##.# #.# #o# #..# #.#
#.##[# #.# #.# #..# #.# #.##.#
#.# #.###..###.# #.##.# #.#
#..........#######.##.# #.#
#####..##..>.....e....# #.#
#####......#####@###### #.##
............<.##.# #..#
.#########.##.##.# ##.# .#
#.##.##.# #.# .# #.......# #.#
##########..###..####### #.#
#..........# #........# #.#####
#.########.###..#####.####.#....
##.### #.................#....


You could see Duvessa (berserk).

Vanquished Creatures
  Sigmund (D:3)
  Dowan (D:4)
  A vampire bat (D:3)
  2 orc wizards
  Ijyb (D:2)
  A gnoll (D:1)
  3 adders
  A worm (D:2)
  3 leopard geckos
  4 orcs
  8 bats
  3 bat skeletons (D:3)
  A bat zombie (D:3)
  A giant cockroach (D:2)
  8 goblins
  9 hobgoblins
  7 jackals
  A quokka (D:2)
  3 ball pythons (D:3)
  4 frilled lizards
  12 kobolds
  9 rats
84 creatures vanquished.

Notes
Turn   | Place    | Note
-------+----------+-------------------------------------------
     0 | D:1      | varam the Demonspawn Gladiator began the quest for the Orb.
     0 | D:1      | Reached XP level 1. HP: 16/16 MP: 1/1
    99 | D:1      | Reached skill level 3 in Staves
   105 | D:1      | Gained mutation: You sometimes gain a little power by taking damage. [demonic ancestry]
   105 | D:1      | Reached XP level 2. HP: 7/22 MP: 2/2
   624 | D:1      | Gained mutation: You are partially covered in yellow scales. (AC +2) [demonic ancestry]
   624 | D:1      | Reached XP level 3. HP: 14/27 MP: 3/3
   641 | D:1      | Reached skill level 4 in Staves
  1453 | D:2      | Learned a level 2 spell: Blink
  1466 | D:2      | Noticed Ijyb
  1474 | D:2      | Killed Ijyb
  1474 | D:2      | Gained mutation: You are mostly covered in yellow scales. (AC +3) [demonic ancestry]
  1474 | D:2      | Reached XP level 4. HP: 29/33 MP: 4/4
  1994 | D:2      | Reached skill level 5 in Staves
  2141 | D:3      | Found a hazy altar of Hepliaklqana.
  2238 | D:3      | Noticed Sigmund
  2282 | D:2      | Reached XP level 5. HP: 12/38 MP: 5/5
  2591 | D:3      | Killed Sigmund
  2591 | D:3      | Reached skill level 6 in Staves
  2591 | D:3      | Gained mutation: You have sharp toenails. [demonic ancestry]
  2591 | D:3      | Reached XP level 6. HP: 21/44 MP: 6/6
  3103 | D:3      | Found an ancient bone altar of Kikubaaqudgha.
  3370 | D:4      | Noticed Duvessa
  3370 | D:4      | Noticed Dowan
  3372 | D:4      | Noticed Iwannabefree's ghost (amateur DgWz)
  3375 | D:4      | Killed Dowan
  3375 | D:4      | Reached skill level 7 in Staves
  3376 | D:4      | Noticed a slave
  3379 | D:4      | Noticed a slave
  3380 | D:4      | Noticed Pikel
  3389 | D:3      | HP: 2/44 [Duvessa/rapier (7)]
  3396 | D:3      | Slain by Duvessa

Vault maps used:
D:1:      dpeg_arrival_shrine
D:2:      minmay_vboxes, uniq_iyjb
D:3:      old_standard_altar, kennysheep_vampire_church, uniq_sigmund
D:4:      serial_shops, nicolae_shop_trees, uniq_pikel, uniq_duvessa

Skill      XL: |  1  2  3  4  5  6 |
---------------+-------------------+-----
Staves         | 3 4 5 6 7 |  7.0
Fighting       | |  2.0
Throwing       | |  1.7
Dodging        | |  2.6

Action                   |  1- 3 |  4- 6 || total
-------------------------+-------+-------++-------
Melee: Quarterstaff      |   118 |   168 ||   286
       Kick              |       |    23 ||    23
  Use: Scroll            |       |     4 ||     4
 Stab: Sleeping          |       |     1 ||     1
  Eat: Chunk             |     2 |     6 ||     8
Armor: Leather armour    |    44 |    71 ||   115
Dodge: Dodged            |    76 |   123 ||   199
